[Event "Team 45 45 League T52"]
[Site "Internet Chess Club"]
[Date "2012.03.08"]
[Round "4"]
[White "JustinL"]
[Black "BuddyT"]
[Result "1-0"]
[WhiteElo "1840"]
[BlackElo "1768"]
[Opening "Benko's opening"]
[ECO "A00"]
[Time "16:00:46"]
[TimeControl "2700+45"]

1. g3 Nf6 2. Bg2 e6 3. d4 d5 4. Nf3 c5 5. c3 cxd4 6. cxd4 Bb4+ 7. Nc3 O-O 8. O-O
b6 9. Bf4 Ba6 10. Bxb8 Bxc3 11. bxc3 Qxb8 12. Ne5 Qc7 13. Qd2 Nd7 14. Nd3 Rac8
15. Rac1 Qc4 16. Rfe1 Rc7 17. Nb2 Qb5 18. e4 dxe4 19. Bxe4 Nf6 20. Bd3 Qa5 21.
Bxa6 Qxa6 22. Nd3 Rfc8 23. Ne5 Qa5 24. Rc2 Rxc3 25. Rec1 Rxc2 26. Rxc2 Rxc2 27.
Qxc2 Qe1+ 28. Kg2 Qe4+ 29. Qxe4 Nxe4 30. Nc6 Nc3 31. Nxa7 Nxa2 32. Nb5 Kf8 33.
Kf3 Ke7 34. Ke4 Nb4 35. f4 f5+ 36. Ke3 Kd7 37. Kd2 Kc6 38. Na3 Kd5 39. Kc3 Nc6
40. Nb5 Ke4 41. Nd6+ Ke3 42. d5 exd5 43. Nxf5+ Ke2 44. Nd4+ Nxd4 45. Kxd4 Kf3
46. Kxd5 Kg2 47. f5 Kxh2 48. g4 Kg3 49. g5 b5 50. f6 gxf6 51. gxf6 h5 52. f7 h4
53. f8=Q h3 54. Ke4 h2 55. Qf3+ Kh4 56. Qg2 {Black resigns} 1-0

[Event "Team 45 45 League T52"]
[Site "Internet Chess Club"]
[Date "2012.03.11"]
[Round "4"]
[White "Terlizzi"]
[Black "matein7"]
[Result "0-1"]
[WhiteElo "1686"]
[BlackElo "1774"]
[Opening "Scandinavian defense"]
[ECO "B01"]
[Time "15:00:24"]
[TimeControl "2700+45"]

1. e4 d5 2. exd5 Nf6 3. d4 Bg4 4. Be2 Bxe2 5. Nxe2 Nxd5 6. c4 Nb6 7. Qd3 Nc6 8.
Bf4 e5 9. Bg3 Bb4+ 10. Nd2 O-O 11. d5 e4 12. Qxe4 Re8 13. Qg4 Bxd2+ 14. Kxd2 Qe7
15. Nc3 Qb4 16. Kc2 Nxc4 17. Qf4 Qxb2+ 18. Kd3 N4e5+ 19. Qxe5 Nxe5+ {White
resigns} 0-1

[Event "Team 45 45 League T52"]
[Site "Internet Chess Club"]
[Date "2012.03.11"]
[Round "4"]
[White "BYOB69"]
[Black "AlexMano"]
[Result "0-1"]
[WhiteElo "1775"]
[BlackElo "1764"]
[Opening "Pirc defense"]
[ECO "B07"]
[Time "21:00:49"]
[TimeControl "2700+45"]

1. d4 d6 2. e4 Nf6 3. Nc3 g6 4. f3 Bg7 5. Be3 O-O 6. Qd2 Nbd7 7. O-O-O c6 8. Bd3
b5 9. g4 Qa5 10. Kb1 a6 11. Bh6 c5 12. Bxg7 Kxg7 13. dxc5 Nxc5 14. Nge2 Bb7 15.
h4 b4 16. Nd5 Nxd5 17. exd5 Bxd5 18. b3 Bxf3 19. Rhg1 Nxd3 20. Qxd3 Bxe2 21.
Qxe2 Qc7 22. h5 a5 23. hxg6 hxg6 24. Rh1 Rh8 25. Qe4 Rxh1 26. Rxh1 Rh8 27. Re1
Rh2 28. g5 Qc5 29. c4 Qf2 {White resigns} 0-1

[Event "Team 45 45 League T52"]
[Site "Internet Chess Club"]
[Date "2012.03.08"]
[Round "4"]
[White "wrimle"]
[Black "SATELLITE-DAN"]
[Result "1-0"]
[WhiteElo "1634"]
[BlackElo "1428"]
[Opening "Vienna gambit"]
[ECO "C29"]
[Time "15:15:37"]
[TimeControl "2700+45"]

1. e4 e5 2. Nc3 Nf6 3. f4 d5 4. fxe5 Nxe4 5. d3 Ng5 6. Bxg5 Qxg5 7. Nf3 Qd8 8.
d4 Be7 9. Bd3 Nc6 10. O-O Bg4 11. Ne2 Qd7 12. c3 a6 13. b4 O-O 14. Qc2 h6 15.
Ng3 f6 16. Nh4 fxe5 17. Bh7+ Kh8 18. Ng6+ {Black resigns} 1-0

[Event "Team 45 45 League T52"]
[Site "Internet Chess Club"]
[Date "2012.03.11"]
[Round "4"]
[White "Paulkov"]
[Black "SlimeDog2"]
[Result "1/2-1/2"]
[WhiteElo "2348"]
[BlackElo "2115"]
[Opening "Petrov: classical attack, Marshall variation"]
[ECO "C42"]
[Time "21:42:03"]
[TimeControl "2700+45"]

1. e4 e5 2. Nf3 Nf6 3. Nxe5 d6 4. Nf3 Nxe4 5. d4 d5 6. Bd3 Bd6 7. O-O O-O 8. c4
c6 9. Nc3 Nxc3 10. bxc3 Bg4 11. cxd5 cxd5 12. Rb1 Nd7 13. h3 Bh5 14. Rb5 Nb6 15.
c4 Bxf3 16. Qxf3 dxc4 17. Bc2 Qc7 18. Bd2 Qc6 19. Rh5 g6 20. Be4 Qd7 21. Ra5 Bc7
22. Bxb7 Rab8 {Game drawn by mutual agreement} 1/2-1/2

[Event "Team 45 45 League T52"]
[Site "Internet Chess Club"]
[Date "2012.03.10"]
[Round "4"]
[White "katikus"]
[Black "ben622"]
[Result "0-1"]
[WhiteElo "1802"]
[BlackElo "2026"]
[Opening "Alekhine's defense: exchange variation"]
[ECO "B03"]
[Time "12:00:08"]
[TimeControl "2700+45"]

1. e4 Nf6 2. e5 Nd5 3. d4 d6 4. c4 Nb6 5. exd6 cxd6 6. h3 g6 7. Nf3 Bg7 8. Be2
O-O 9. O-O Nc6 10. Nc3 Bf5 11. Be3 d5 12. g4 Bc8 13. cxd5 Nxd5 14. Qb3 Nxe3 15.
fxe3 Bh6 16. Nd5 e6 17. Nf4 Bxf4 18. exf4 Nxd4 19. Nxd4 Qxd4+ 20. Kh2 Bd7 21.
Rad1 Qe4 22. Bc4 Bc6 23. Rd2 Rad8 24. Re2 Qd4 25. Bb5 Bd5 26. Qe3 Qxe3 27. Rxe3
Bxa2 28. Ra1 Rd2+ 29. Re2 Rfd8 30. Rxa2 Rxe2+ 31. Bxe2 Rd2 32. Rxa7 Rxe2+ 33.
Kg3 Rxb2 34. h4 Rb3+ 35. Kg2 Kg7 36. g5 h5 37. Ra8 Rb4 38. Kg3 Rb3+ 39. Kg2 Rc3
40. Rb8 Rc7 41. Kg3 f6 42. Kf3 Rc3+ 43. Kg2 Rc2+ 44. Kg3 Rc3+ 45. Kg2 Rc7 46.
Kf3 fxg5 47. fxg5 Kf7 48. Ke4 Ke7 49. Ke5 Rc5+ 50. Ke4 b5 51. Rg8 Kd6 52. Rxg6
b4 53. Rg7 Rb5 54. Rg8 b3 55. Rd8+ Ke7 56. Rd1 Rb4+ 57. Ke5 Rxh4 58. Rb1 Rb4 59.
Rb2 h4 60. g6 h3 61. g7 Kf7 {White resigns} 0-1

[Event "Team 45 45 League T52"]
[Site "Internet Chess Club"]
[Date "2012.03.11"]
[Round "4"]
[White "room-matt"]
[Black "dacarrelli"]
[Result "1-0"]
[WhiteElo "1792"]
[BlackElo "1621"]
[Opening "Old Benoni defense"]
[ECO "A44"]
[Time "13:31:09"]
[TimeControl "2700+45"]

1. d4 c5 2. d5 e5 3. dxe6 fxe6 4. Nc3 d5 5. e3 Nf6 6. Nf3 Nc6 7. Bb5 a6 8. Bxc6+
bxc6 9. Bd2 Bd6 10. O-O O-O 11. Ne2 e5 12. h3 e4 13. Nh2 Qc7 14. f4 g5 15. Qe1
g4 16. Qg3 Rf7 17. hxg4 Rg7 18. g5 Nh5 19. Qh4 Qf7 20. Bc3 d4 21. exd4 Qe8 22.
Rad1 Re7 23. d5 Ng7 24. Ng3 Nf5 25. Nxf5 Bxf5 26. g4 e3 27. gxf5 e2 28. Ng4
exd1=Q 29. Nf6+ Kf8 30. Qh6+ {Black resigns} 1-0

[Event "Team 45 45 League T52"]
[Site "Internet Chess Club"]
[Date "2012.03.11"]
[Round "4"]
[White "musk6868"]
[Black "FlyingTiger"]
[Result "1-0"]
[WhiteElo "1885"]
[BlackElo "1698"]
[Opening "King's Indian: 3.g3"]
[ECO "E60"]
[Time "20:03:17"]
[TimeControl "2700+45"]

1. d4 Nf6 2. c4 g6 3. g3 Bg7 4. Nf3 d5 5. b3 O-O 6. Bg2 c6 7. O-O h6 8. Bb2 Be6
9. Nbd2 Na6 10. Re1 Rc8 11. e4 dxe4 12. Nxe4 Nxe4 13. Rxe4 Bf5 14. Re3 Qc7 15.
Qd2 Rcd8 16. Rae1 Rfe8 17. Ne5 Nc5 18. g4 Bc8 19. Qe2 Nd7 20. d5 Nxe5 21. Bxe5
Bxe5 22. Rxe5 cxd5 23. Bxd5 e6 24. Qe3 Qd7 25. Bf3 Qd3 26. Qf4 Rd4 27. Qf6 Red8
28. h4 Qd2 29. Rd1 Qc3 30. Rxd4 Qxd4 31. Kg2 b6 32. Kg3 Qd3 33. h5 g5 34. Qxh6
Bb7 35. Rxg5+ {Black resigns} 1-0

[Event "Team 45 45 League T52"]
[Site "Internet Chess Club"]
[Date "2012.03.12"]
[Round "4"]
[White "NFork"]
[Black "SuperPeon"]
[Result "0-1"]
[WhiteElo "2227"]
[BlackElo "2230"]
[Opening "King's Indian: Torre attack"]
[ECO "A48"]
[Time "10:04:59"]
[TimeControl "2700+45"]

1. d4 Nf6 2. Nf3 g6 3. Bg5 Bg7 4. Qd3 d5 5. Nc3 Bf5 6. Qb5+ Nbd7 7. Bxf6 exf6 8.
O-O-O Be6 9. Qxb7 Rb8 10. Qc6 Rb6 11. Qa4 Qb8 12. e3 O-O 13. Bb5 Rd8 14. Bc6 Bf8
15. b3 Rb4 16. Qa5 Rb6 17. Qa4 Rb4 18. Qa3 Rc4 19. Qa6 Rxc3 20. Kb2 Bb4 21. a3
Rxc6 22. Qxc6 Ba5 23. h3 Nf8 24. Qa6 Bb6 25. g4 c5 26. dxc5 Bxc5 27. Nd4 Rd6 28.
Qe2 a5 29. Qf3 Nd7 30. h4 Ne5 31. Qxf6 Nc4+ 32. Ka2 Bxg4 33. Qf4 Bxd1 34. bxc4
Bxa3 35. Nb5 dxc4 36. Kxa3 Qxb5 37. Qxd6 Bxc2 38. Qd8+ Kg7 39. Qd4+ f6 40. Qc3
Qa4+ 41. Kb2 Be4 42. Ra1 Qb5+ 43. Kc1 a4 44. Qb2 Qa5 45. Qd2 c3 46. Qd7+ Kh6 47.
Qxa4 Qb6 48. Qa3 c2 49. Qb2 Qc6 50. Ra7 Qc4 51. Ra1 Qf1+ 52. Kd2 Qxf2+ 53. Kc3
Qxe3+ 54. Kb4 Qd2+ 55. Kc5 Qd5+ 56. Kb4 Qb7+ 57. Ka3 Qxb2+ 58. Kxb2 Kh5 59. Ra7
Kxh4 60. Rxh7+ Kg4 61. Kc1 g5 62. Kd2 Bxh7 {White resigns} 0-1

[Event "Team 45 45 League T52"]
[Site "Internet Chess Club"]
[Date "2012.03.09"]
[Round "4"]
[White "Pacini"]
[Black "Logos1"]
[Result "1-0"]
[WhiteElo "2113"]
[BlackElo "2021"]
[Opening "Giuoco Piano"]
[ECO "C44"]
[Time "21:17:44"]
[TimeControl "2700+45"]

1. e4 e5 2. Nf3 Nc6 3. d4 exd4 4. Bc4 Bc5 5. c3 Nf6 6. e5 d5 7. Bb5 Ne4 8. Bxc6+
bxc6 9. cxd4 Bb4+ 10. Bd2 Nxd2 11. Nbxd2 O-O 12. a3 Be7 13. Qc2 Rb8 14. O-O Bg4
15. h3 Bh5 16. Rfc1 Rb6 17. b4 Qa8 18. Qf5 Bg6 19. Qd7 Qd8 20. Qxd8 Rxd8 21. Nb3
f6 22. Na5 Be8 23. Rc3 c5 24. dxc5 Re6 25. Re1 Bg6 26. Nb3 fxe5 27. Rxe5 Rxe5
28. Nxe5 Bf6 29. f4 d4 30. Rc1 Rd5 31. Nxg6 hxg6 32. Rd1 d3 33. Kf2 Bb2 34. a4
Ba3 35. b5 Bxc5+ 36. Nxc5 Rxc5 37. Ke3 Rc4 38. Rxd3 Rxa4 39. Rc3 Rb4 40. Rxc7
Rxb5 41. Rxa7 Rb3+ 42. Kf2 Rb2+ 43. Kf3 Rb5 44. Kg4 Kf8 45. g3 Kg8 46. h4 Kf8
47. Rc7 Ra5 48. Rd7 Rb5 49. Rd8+ Kf7 50. Rh8 Rb4 51. h5 gxh5+ 52. Rxh5 Kg6 53.
Rc5 Rb6 54. Kh4 Rf6 55. Rg5+ Kh6 56. f5 Kh7 57. Rh5+ Kg8 58. Kg5 Kf7 59. Rh2 Ra6
60. Rb2 Rc6 61. Rb7+ Kf8 62. g4 Ra6 63. Rd7 Rb6 64. Kh5 Rh6+ 65. Kg5 Ra6 66. Kh4
Ra4 67. Rd6 Kf7 68. Kh5 Ra1 69. Kg5 Ra5 70. Rd7+ Kf8 71. Kg6 Ra6+ 72. Kg5 Rb6
73. Kh4 Ra6 74. g5 Ra5 75. Kg4 Ra4+ 76. Kh5 Ra5 77. Kg6 Ra6+ 78. f6 gxf6 79.
gxf6 Ra8 80. Rh7 Kg8 81. f7+ {Black resigns} 1-0

[Event "Team 45 45 League T52"]
[Site "Internet Chess Club"]
[Date "2012.03.08"]
[Round "4"]
[White "kasperloff"]
[Black "kidviper"]
[Result "0-1"]
[WhiteElo "1925"]
[BlackElo "1986"]
[Opening "QGD semi-Slav: 5.e3"]
[ECO "D45"]
[Time "15:01:39"]
[TimeControl "2700+45"]

1. d4 d5 2. Nf3 Nf6 3. c4 c6 4. Nc3 e6 5. e3 Be7 6. Bd3 dxc4 7. Bxc4 b5 8. Bd3
a6 9. e4 c5 10. d5 exd5 11. Nxd5 O-O 12. Nxe7+ Qxe7 13. O-O Rd8 14. Qe2 Nc6 15.
e5 Nd5 16. Qe4 f5 17. exf6 Nxf6 18. Qxc6 Bb7 19. Bxh7+ Nxh7 20. Qg6 Bxf3 21.
gxf3 Qe2 22. Bh6 Qxb2 23. Rae1 Qf6 24. Qxf6 Nxf6 25. Bg5 Kf7 26. Rd1 c4 27. Rfe1
a5 28. Rc1 Rd5 29. Be3 Rc8 30. Rc2 Nd7 31. a3 Ne5 32. Kg2 Nd3 33. Rb1 b4 34.
axb4 axb4 {White resigns} 0-1

[Event "Team 45 45 League T52"]
[Site "Internet Chess Club"]
[Date "2012.03.12"]
[Round "4"]
[White "kidcobra"]
[Black "SimplyClaudia"]
[Result "1-0"]
[WhiteElo "1761"]
[BlackElo "1818"]
[Opening "French: exchange variation"]
[ECO "C01"]
[Time "16:32:50"]
[TimeControl "2700+45"]

1. e4 e6 2. d4 d5 3. exd5 exd5 4. Nf3 Nf6 5. Nc3 Be7 6. Bd3 Bg4 7. O-O O-O 8.
Bg5 Nc6 9. Be2 h6 10. Bh4 a6 11. a3 b5 12. Ne5 Nxe5 13. dxe5 Bxe2 14. Qxe2 Ne4
15. Nxe4 Bxh4 16. Nc5 Re8 17. Nd3 Qc8 18. Nb4 c6 19. Rad1 Qc7 20. f4 Re6 21. g3
Be7 22. Nd3 Re8 23. f5 Rxe5 24. Nxe5 Bc5+ 25. Kh1 Rxe5 26. Qg2 Qe7 27. b4 Bb6
28. Qd2 Re2 29. Qf4 Rxc2 30. Rde1 Qd7 31. f6 g5 32. Qb8+ Bd8 33. Re7 Qh3 34.
Qxd8+ Kh7 35. Rxf7+ Kg6 36. Rg7+ Kh5 37. Qe8+ Kg4 38. Rf4# {Black checkmated}
1-0

[Event "Team 45 45 League T52"]
[Site "Internet Chess Club"]
[Date "2012.03.13"]
[Round "4"]
[White "moomaster"]
[Black "pudge"]
[Result "1/2-1/2"]
[WhiteElo "1621"]
[BlackElo "1564"]
[Opening "Queen's pawn game, Darooha variation "]
[ECO "D02"]
[Time "20:04:45"]
[TimeControl "2700+45"]

1. d4 d5 2. Nf3 Nf6 3. c4 e6 4. g3 c6 5. Bg2 Be7 6. O-O O-O 7. Qc2 h6 8. Nbd2
Nbd7 9. e4 dxe4 10. Nxe4 Nxe4 11. Qxe4 Nf6 12. Qe2 Qc7 13. Bf4 Bd6 14. Ne5 Nd7
15. Rfe1 Nxe5 16. Bxe5 Bxe5 17. Qxe5 Qxe5 18. Rxe5 f6 19. Re2 Bd7 20. d5 e5 21.
Rd1 Rad8 22. c5 Be6 23. Red2 cxd5 24. Bxd5 Bxd5 25. Rxd5 Rxd5 26. Rxd5 a6 27.
Rd7 Rf7 28. Rd8+ Rf8 29. Rd7 Rf7 30. Rd6 a5 31. Kf1 Rc7 32. Rb6 Kh7 33. Ke2 f5
34. Rb5 g5 35. Rxa5 Kg6 36. b4 e4 37. Ke3 Kf6 38. Ra3 Ke5 39. Ra5 Kf6 40. Rb5 h5
41. Rb6+ Ke5 42. Rh6 f4+ 43. gxf4+ gxf4+ 44. Ke2 Kd4 45. Rxh5 f3+ 46. Kd2 Rd7
47. Kc2 Kc4 48. c6 bxc6 49. Rc5+ Kxb4 50. Rxc6 Ka3 51. h4 Rh7 52. Kc3 Kxa2 53.
Kc2 Ka3 54. Kc3 Ka2 55. Ra6+ Kb1 56. Rb6+ Kc1 57. Rg6 Kd1 58. Rg4 Ke2 59. Rxe4+
Kxf2 60. Rg4 Ke2 61. Re4+ Kf2 62. Rg4 Ke2 63. Re4+ {Game drawn by mutual
agreement} 1/2-1/2

[Event "Team 45 45 League T52"]
[Site "Internet Chess Club"]
[Date "2012.03.09"]
[Round "4"]
[White "spongenotbob"]
[Black "Tjet"]
[Result "1/2-1/2"]
[WhiteElo "1673"]
[BlackElo "1502"]
[Opening "Old Indian defense"]
[ECO "A42"]
[Time "21:00:31"]
[TimeControl "2700+45"]

1. d4 d6 2. c4 e5 3. d5 Nf6 4. Nc3 a6 5. e4 Be7 6. h3 O-O 7. Nf3 c5 8. Bd3 Nbd7
9. O-O Re8 10. Be3 Nf8 11. Nd2 Ng6 12. Ne2 Rf8 13. f4 exf4 14. Nxf4 Ne5 15. Nf3
Nxd3 16. Qxd3 Nd7 17. Ne2 Bf6 18. Rab1 Ne5 19. Nxe5 Bxe5 20. Bf4 Bxf4 21. Nxf4
f5 22. Ne6 Bxe6 23. dxe6 fxe4 24. Qxe4 Qe7 25. Rbd1 Rxf1+ 26. Rxf1 Rf8 27. Rxf8+
Kxf8 28. Qf5+ Kg8 29. Kf1 g6 30. Qd5 Kg7 31. Ke2 Kf6 32. Kd3 b5 33. cxb5 axb5
34. g4 Qxe6 35. g5+ Ke7 36. Qb7+ Qd7 37. Qe4+ Kf8 38. Qf3+ Qf5+ 39. Qxf5+ gxf5
40. Ke3 Ke7 41. h4 Ke6 42. h5 d5 43. a3 d4+ 44. Kd3 f4 45. Ke4 f3 46. Kxf3 Kf5
47. g6 hxg6 48. hxg6 Kxg6 49. Ke4 Kf6 50. b4 d3 51. Kxd3 cxb4 52. axb4 Ke5 {Game
drawn by mutual agreement} 1/2-1/2

[Event "Team 45 45 League T52"]
[Site "Internet Chess Club"]
[Date "2012.03.09"]
[Round "4"]
[White "monkhammer"]
[Black "medsurg"]
[Result "0-1"]
[WhiteElo "1407"]
[BlackElo "1393"]
[Opening "Sicilian: Canal-Sokolsky attack, 3...Bd7"]
[ECO "B52"]
[Time "20:00:36"]
[TimeControl "2700+45"]

1. e4 c5 2. Nf3 d6 3. Bb5+ Bd7 4. Bxd7+ Qxd7 5. d4 cxd4 6. Nxd4 Nf6 7. Nc3 a6 8.
O-O Nc6 9. Be3 g6 10. Qd2 Nxd4 11. Bxd4 Bg7 12. Rad1 Qc6 13. f4 O-O 14. e5 dxe5
15. fxe5 Nd5 16. Rf3 Nxc3 17. Rxc3 Qe6 18. Rc7 b5 19. Qb4 Rfe8 20. Qc5 Bf8 21.
b3 Red8 22. c4 Qg4 23. Rd2 Qe4 24. Be3 Rxd2 25. Bxd2 e6 26. Qf2 f5 27. exf6 Qb1+
28. Be1 Qa1 29. f7+ Kg7 30. c5 Rd8 31. Kf1 Rd5 32. g4 Qe5 33. Qg3 Qe4 34. Bc3+
e5 35. Be1 Rd3 36. Qh4 Qh1+ 37. Kf2 Qf3+ 38. Kg1 Rd4 39. h3 Rf4 40. Bf2 Rxf7 41.
Rxf7+ Qxf7 42. Qg3 Qd5 43. b4 Be7 44. Qc3 Bd8 45. Be1 Kf7 46. c6 Qd4+ 47. Kg2
Qxc3 48. Bxc3 Ke6 49. Kf3 Kd5 50. Ke3 Bc7 51. a3 Bb6+ 52. Kf3 Bc7 53. Kg3 Ke4
54. h4 Kd3 55. Bb2 e4+ 56. Kf2 e3+ {White resigns} 0-1

[Event "Team 45 45 League T52"]
[Site "Internet Chess Club"]
[Date "2012.03.10"]
[Round "4"]
[White "mattphelps"]
[Black "rgadoury"]
[Result "0-1"]
[WhiteElo "1445"]
[BlackElo "1238"]
[Opening "Scotch game"]
[ECO "C45"]
[Time "19:00:39"]
[TimeControl "2700+45"]

1. e4 e5 2. Nf3 Nc6 3. d4 exd4 4. Nxd4 Nxd4 5. Qxd4 d6 6. Nc3 Be6 7. Bd3 Nf6 8.
Qa4+ Bd7 9. Qb3 Be7 10. Qxb7 O-O 11. Be3 a5 12. Nd5 Nxd5 13. Qxd5 c6 14. Qb3 Rb8
15. Qa3 d5 16. Bc5 Bxc5 17. Qxc5 dxe4 18. Bxe4 Rxb2 19. Bxc6 Bxc6 20. Qxc6 Re8+
21. Kf1 Rb8 22. Re1 Rxe1+ 23. Kxe1 Rb1+ 24. Ke2 Rxh1 {White resigns} 0-1

[Event "Team 45 45 League T52"]
[Site "Internet Chess Club"]
[Date "2012.03.10"]
[Round "4"]
[White "badmove"]
[Black "Constrictor"]
[Result "0-1"]
[WhiteElo "1623"]
[BlackElo "1727"]
[Opening "QGD Slav defense: exchange variation"]
[ECO "D10"]
[Time "16:08:13"]
[TimeControl "2700+45"]

1. d4 c6 2. c4 d5 3. cxd5 cxd5 4. Bf4 Nf6 5. Nc3 e6 6. Nf3 Bb4 7. e3 Qa5 8. Nd2
O-O 9. Be2 Bxc3 10. bxc3 Qxc3 11. O-O Nc6 12. Nb3 Qb4 13. Nc5 Qb6 14. Rb1 Qd8
15. Bg5 b6 16. Nd3 Ba6 17. Ne5 Bxe2 18. Qxe2 Ne7 19. Bxf6 gxf6 20. Ng4 f5 21.
Ne5 Ng6 22. Nc6 Qd6 23. Rbc1 Rfc8 24. Qb5 Rc7 25. Rc2 Rac8 26. Rfc1 Kg7 27. Qa4
f4 28. Nb4 fxe3 29. fxe3 Ne7 30. Rxc7 Rxc7 31. Rf1 Rc4 32. Qe8 Nf5 33. Nd3 Qe7
34. Qb8 Rc2 35. Qe5+ f6 36. Qf4 Qf7 37. Qf3 Nh4 38. Qg3+ Qg6 39. Qb8 {White
resigns} 0-1

[Event "Team 45 45 League T52"]
[Site "Internet Chess Club"]
[Date "2012.03.08"]
[Round "4"]
[White "FractalDante"]
[Black "houseofcook"]
[Result "1/2-1/2"]
[WhiteElo "1487"]
[BlackElo "1516"]
[Opening "French: exchange variation"]
[ECO "C01"]
[Time "15:04:09"]
[TimeControl "2700+45"]

1. e4 e6 2. d4 d5 3. exd5 exd5 4. Bd3 Nc6 5. Nf3 Bg4 6. c3 Nf6 7. Bf4 Bd6 8.
Bxd6 Qxd6 9. Nbd2 O-O 10. O-O Rfe8 11. Qc2 h6 12. Rae1 Rad8 13. Nh4 Qf8 14. Nf5
Rxe1 15. Rxe1 Re8 16. Rxe8 Qxe8 17. Kf1 Ne7 18. Nb3 Bxf5 19. Bxf5 Nxf5 20. Qxf5
b6 21. f3 Qe6 22. Qxe6 fxe6 {Game drawn by mutual agreement} 1/2-1/2

[Event "Team 45 45 League T52"]
[Site "Internet Chess Club"]
[Date "2012.03.11"]
[Round "4"]
[White "MateIn42"]
[Black "BosqueVerde"]
[Result "1-0"]
[WhiteElo "1389"]
[BlackElo "1232"]
[Opening "Scotch opening"]
[ECO "C44"]
[Time "15:00:40"]
[TimeControl "2700+45"]

1. e4 e5 2. Nf3 Nc6 3. d4 d6 4. Bc4 Be7 5. Be3 Nf6 6. Nc3 Bg4 7. h3 Bxf3 8. gxf3
Qd7 9. d5 Nd4 10. Bxd4 exd4 11. Qxd4 O-O 12. O-O-O c5 13. Qd3 a6 14. Qe2 b5 15.
f4 bxc4 16. e5 dxe5 17. fxe5 Ne8 18. Qxc4 Bg5+ 19. f4 Bh6 20. e6 fxe6 21. dxe6
Qe7 22. Rd7 Bxf4+ 23. Kb1 Qxd7 24. exd7+ Kh8 25. dxe8=Q Raxe8 26. Qxa6 Bh6 27.
a3 Kg8 28. Qc4+ Rf7 29. Rf1 Rf8 30. Nb5 g6 31. Nd6 Kg7 32. Rxf7+ Rxf7 33. Qxf7+
{Black resigns} 1-0

[Event "Team 45 45 League T52"]
[Site "Internet Chess Club"]
[Date "2012.03.07"]
[Round "4"]
[White "zap2"]
[Black "Dracoac"]
[Result "1/2-1/2"]
[WhiteElo "1774"]
[BlackElo "1817"]
[Opening "Réti opening"]
[ECO "A05"]
[Time "16:15:50"]
[TimeControl "2700+45"]

1. Nf3 Nf6 2. g3 c5 3. Bg2 Nc6 4. d3 d5 5. O-O Bf5 6. Nbd2 e6 7. Re1 Be7 8. b3
O-O 9. Bb2 h6 10. e4 dxe4 11. dxe4 Bh7 12. Qe2 Qc7 13. h3 Rfd8 14. a3 Rac8 15.
Rad1 Nd4 16. Qc4 e5 17. Bxd4 exd4 18. Nh4 a6 19. a4 Qa5 20. Nf5 Bf8 21. g4 b5
22. axb5 axb5 23. Qe2 Qc3 24. e5 Nd5 25. Bxd5 Rxd5 26. Ne4 Qxh3 27. Ned6 Bxf5
28. Nxf5 Re8 29. f4 g6 30. Rd3 Qxd3 31. Qxd3 gxf5 32. Qxb5 Red8 33. gxf5 d3 34.
cxd3 Rxd3 35. e6 Rg3+ 36. Kf2 Rh3 37. Kg2 Rdd3 38. exf7+ Kg7 39. f6+ Kxf6 40.
Qb6+ Kxf7 41. Qb7+ Kg8 42. Rg1 c4 43. bxc4 Rhe3 44. Kf2+ Kh8 45. Qa8 Rf3+ 46.
Qxf3 Bc5+ 47. Kg3 Rxf3+ 48. Kxf3 Bxg1 49. Kg4 Kg7 50. Kf5 Kf7 51. Ke5 Ke7 52. f5
Kf7 53. f6 h5 54. Kf5 h4 55. Kg4 Bf2 56. Kf3 Bg3 {Game drawn by mutual
agreement} 1/2-1/2

[Event "Team 45 45 League T52"]
[Site "Internet Chess Club"]
[Date "2012.03.08"]
[Round "4"]
[White "moomaster"]
[Black "Nathan-L"]
[Result "1-0"]
[WhiteElo "1624"]
[BlackElo "1633"]
[Opening "Queen's pawn game, Darooha variation "]
[ECO "D11"]
[Time "17:22:20"]
[TimeControl "2700+45"]

1. d4 d5 2. Nf3 Nf6 3. c4 c6 4. Qb3 Qb6 5. Nc3 e6 6. Bf4 Qxb3 7. axb3 Be7 8.
Bxb8 Rxb8 9. Rxa7 Bb4 10. e3 Ne4 11. Bd3 Nxc3 12. bxc3 Bxc3+ 13. Ke2 Bb4 14. Ne5
Bd6 15. e4 Bxe5 16. dxe5 O-O 17. exd5 cxd5 18. cxd5 exd5 19. f4 g6 20. Rd1 b6
21. Bb5 Bg4+ 22. Kd2 Bxd1 23. Kxd1 Rfd8 24. g4 d4 25. Kd2 h5 26. Bc4 Rf8 27.
gxh5 gxh5 28. e6 fxe6 29. Bxe6+ Kh8 30. f5 Rbd8 31. Kd3 Rd6 32. b4 Rf6 33. Re7
Rh6 34. h4 Rf6 35. Re8+ Kg7 36. Rg8+ Kh7 37. Rg5 Kh6 38. Rg8 Kh7 39. Re8 Kg7 40.
Rg8+ Kh7 41. Re8 Kg7 42. Re7+ Kh6 43. Ke4 d3 44. Bg8 Rfe6+ 45. Rxe6+ Rxe6+ 46.
Bxe6 d2 47. Bb3 Kg7 48. Ke5 Kf8 49. Kf6 d1=Q 50. Bxd1 Ke8 51. Kg7 b5 52. Bxh5+
Kd7 53. f6 Kd6 54. f7 Ke5 55. f8=Q Kd4 56. Qc5+ {Black forfeits on time} 1-0

[Event "Team 45 45 League T52"]
[Site "Internet Chess Club"]
[Date "2012.03.08"]
[Round "4"]
[White "mongmong"]
[Black "Bryant-L"]
[Result "1/2-1/2"]
[WhiteElo "1654"]
[BlackElo "1402"]
[Opening "QGD Slav: 4.e3 Bf5"]
[ECO "D12"]
[Time "16:00:53"]
[TimeControl "2700+45"]

1. d4 d5 2. Nf3 Nf6 3. e3 Bf5 4. c4 c6 5. Nc3 e6 6. Nh4 Bg6 7. Nxg6 hxg6 8. Bd2
Qc7 9. h3 Be7 10. Qc2 Nbd7 11. Be2 Rc8 12. Rc1 Bd6 13. b3 g5 14. e4 dxe4 15.
Nxe4 Nxe4 16. Qxe4 Nf6 17. Qd3 g4 18. h4 g3 19. f3 Bf4 20. Kd1 Rd8 21. Kc2 Bxd2
22. Qxd2 c5 23. d5 exd5 24. cxd5 Rxd5 25. Qc3 Re5 26. Rce1 Nd5 27. Bb5+ Kd8 28.
Qxe5 Nb4+ 29. Kb2 Qxe5+ 30. Rxe5 a6 31. Bc4 b5 32. Bxf7 Nd3+ 33. Kc2 Nxe5 34.
Be6 Ke7 35. Bf5 Kf6 36. Be4 Rh5 37. Rh3 g5 38. Rxg3 Rxh4 39. Rh3 Rxh3 40. gxh3
Ng6 41. Bb7 a5 42. Bc8 Ke5 43. Bd7 b4 44. Kd3 Nh4 45. Kc4 Kd6 46. Bg4 Ng2 47.
Kb5 Ne3 48. Kxa5 Nc2 49. Bh5 Nd4 50. Ka4 Ne2 51. a3 bxa3 52. Kxa3 Nf4 53. Bg4
Kc6 54. Kb2 Kb5 55. Kc3 Nd5+ 56. Kb2 Kb4 57. Be6 Nf4 58. Bd7 c4 59. bxc4 Kxc4
60. Kc2 Kd4 61. Kd2 Ke5 62. Ke3 Nd5+ 63. Kf2 Kf4 64. Bc8 Nc7 65. Bb7 Ne6 66. Kg2
Nd4 67. Ba8 Nf5 68. Bb7 Nh4+ 69. Kf2 Nf5 70. Bc6 Nd4 71. Be4 Ne6 72. Bg6 Nd4 73.
Bh5 Nc2 74. Bg4 Ne3 75. Ke2 Ng2 76. Kf2 Nh4 77. Bh5 Nf5 78. Bg6 Ng3 79. Kg2 Ne2
80. Bf7 Ng3 81. Be6 Nh5 82. Kf2 Nf6 83. Bg4 Nd5 84. Ke2 Kg3 85. Kd3 Nf4+ 86. Ke4
Nxh3 87. Bxh3 Kxh3 88. Kf5 Kh4 89. Ke4 Kh5 90. Kf5 Kh6 91. Kf6 Kh5 92. Kf5 Kh4
93. Ke4 Kg3 94. Ke3 g4 95. fxg4 Kxg4 {Game drawn because neither player has
mating material} 1/2-1/2

[Event "Team 45 45 League T52"]
[Site "Internet Chess Club"]
[Date "2012.03.08"]
[Round "4"]
[White "seattleblues"]
[Black "eagle"]
[Result "0-1"]
[WhiteElo "1417"]
[BlackElo "1520"]
[Opening "French: Steinitz variation"]
[ECO "C11"]
[Time "21:33:51"]
[TimeControl "2700+45"]

1. e4 e6 2. d4 d5 3. Nc3 Nf6 4. e5 Nfd7 5. f4 c5 6. Nf3 Nc6 7. Be2 Qb6 8. Be3
Be7 9. Rb1 cxd4 10. Nxd4 Bc5 11. Na4 Qa5+ 12. c3 Nxd4 13. b4 Qc7 14. Bxd4 Bxd4
15. cxd4 O-O 16. O-O b6 17. Rc1 Qd8 18. Rf3 Qh4 19. Qf1 Rb8 20. Rh3 Qe7 21. a3
h6 22. Qf3 Bb7 23. Qg3 Kh8 24. Bd3 Rfc8 25. Nc3 a5 26. Bb1 axb4 27. axb4 Qxb4
28. Qd3 Nf8 29. g4 Ba6 30. Qxa6 Qxd4+ 31. Kh1 Qxf4 32. Qf1 Qxg4 33. Rg3 Qh5 34.
Rh3 Qxe5 35. Qxf7 Rc7 36. Qf3 d4 37. Ne2 Rxc1+ 38. Nxc1 Qe1+ 39. Kg2 Qxc1 40.
Qg3 Qxb1 41. Rxh6+ gxh6 42. Qe5+ Kh7 43. Qxb8 Qe4+ 44. Kh3 Qf3+ 45. Qg3 Qxg3+
46. Kxg3 b5 47. Kf3 b4 48. Ke2 b3 49. Kd1 d3 {White resigns} 0-1